 Dungeon Crawl Stone Soup version 0.25-a0-10-g2fe12d4386 (webtiles) character file.

Game seed: 10464908283705166105, levelgen mode: deterministic

541 Chiseanne the Magician (level 7, -3/46 HPs)
             Began as a Demonspawn Wizard on Oct 15, 2019.
             Slain by a wraith (5 damage)
             ... on level 7 of the Dungeon.
             The game lasted 00:13:20 (5713 turns).

Chiseanne the Magician (Demonspawn Wizard)          Turns: 5713, Time: 00:13:21

Health: -3/46      AC:  5    Str: 12    XL:     7   Next: 5%
Magic:  10/15      EV: 12    Int: 21    God:
Gold:   194        SH:  0    Dex: 12    Spells: 8/17 levels left

rFire    . . .     SeeInvis .   i - +3 dagger
rCold    + . .     Gourm    .   (no shield)
rNeg     . . .     Faith    .   a - +0 robe
rPois    .         Spirit   .   b - +0 hat
rElec    .         Reflect  .   (no cloak)
rCorr    .         Harm     .   u - +0 pair of gloves
MR       .....                  (no boots)
Stlth    ++........             (no amulet)
HPRegen  0.15/turn              p - +2 ring of protection
MPRegen  0.14/turn              (no ring)

@: mighty, very slightly contaminated, starving, invisible
A: claws 2, cold resistance 1, freezing cloud immunity
a: no special abilities


You were on level 7 of the Dungeon.
You were starving.

You visited 1 branch of the dungeon, and saw 6 of its levels.

You collected 194 gold pieces.

Inventory:

Hand Weapons
 e - a +0 club
 i - a +3 dagger (weapon)
 k - a +0 hunting sling
 l - a +1 hand axe of venom
Missiles
 c - 108 stones
 h - 2 atropa-tipped darts
 j - 109 bolts
 o - 14 sling bullets
 v - 15 poisoned darts
 w - 5 boomerangs (quivered)
Armour
 a - a +0 robe (worn)
 b - a +0 hat (worn)
 g - a cursed +0 robe
 u - a +0 pair of gloves (worn)
 B - a +2 robe of magic resistance
Jewellery
 f - an uncursed ring of protection from cold {unknown}
 p - a +2 ring of protection (left hand)
Wands
 y - a wand of flame (8)
Scrolls
 t - a scroll of magic mapping
 A - a scroll of fear
Potions
 r - 2 potions of curing
 x - 2 potions of lignification {unknown}
 z - a potion of degeneration {unknown}
Comestibles
 d - 9 rations


   Skills:
 - Level 1.7 Dodging
 - Level 1.7 Stealth
 * Level 5.5 Spellcasting
 * Level 5.0 Conjurations
   Level 1.0 Summonings
 - Level 0.8 Translocations
 * Level 1.7 Air Magic


You had 8 spell levels left.
You knew the following spells:

 Your Spells              Type           Power        Failure   Level  Hunger
a - Magic Dart            Conj           ####         1%          1    None
b - Blink                 Tloc           N/A          11%         2    None
c - Conjure Flame         Conj/Fire      ###.....     11%         3    ##.....
d - Mephitic Cloud        Conj/Pois/Air  ###.....     12%         3    ##.....

Your spell library contained the following spells:

 Spells                   Type           Power        Failure   Level  Hunger
 Beastly Appendage        Tmut           #.....       11%         1    None
 Call Imp                 Summ           ##......     11%         2    None
 Slow                     Hex            #.......     16%         2    None
 Sticks to Snakes         Tmut           #.......     16%         2    None
 Spider Form              Tmut/Pois      #.........   30%         3    ##.....
 Ice Form                 Ice/Tmut       #.......     71%         4    ####...
 Blade Hands              Tmut           #.........   96%         5    #####..


Dungeon Overview and Level Annotations

Branches:
Dungeon (7/15)
 Temple: D:4-7

Altars:
Vehumet

Shops:
D:7 }

Annotations:
D:6 Edmund


Innate Abilities, Weirdness & Mutations

You have very sharp fingernails.
Your flesh is cold resistant. (rC+)
You are immune to freezing clouds.


Message History

You feel yourself speed up. The wraith barely misses you.
The hungry ghost hits you.
* * * LOW HITPOINT WARNING * * *
You are near starving!
The wraith hits you but does no damage.
It was a potion of invisibility.
You fade into invisibility!
The hungry ghost hits you.
* * * LOW HITPOINT WARNING * * *
You feel somewhat more hungry. The wraith hits you but does no damage.
You are very lightly contaminated with residual magic.
The wraith hits you.
* * * LOW HITPOINT WARNING * * *
It was a potion of might.
You feel very mighty all of a sudden. The hungry ghost hits you.
* * * LOW HITPOINT WARNING * * *
You are starving!
The wraith hits you.
You die...

##.......##>.###.#
#####...........# #..#
##...#......###..#.#..#
#..%!.!.....###........
#...##......##.W###....
#...............####...
##.#...?.........###...
#.WW...........###..
#..@..........## .5#
##.............# ..#
#.#............... ###
#.##............... ##..## ###
#.................. #....#
##<##...##..............
##...###ยง..#..##...............
#.....##...#...................
#.....###............$........


You could see a hungry ghost and a wraith.

Vanquished Creatures
  A phantom (D:4)
  A scorpion (D:4)
  A howler monkey (D:3)
  A crimson imp (D:6)
  2 hounds
  An iguana (D:7)
  2 orc wizards
  A worker ant (D:4)
  A howler monkey zombie (D:6)
  7 adders
  An ooze (D:3)
  3 adder skeletons (D:4)
  2 worms (D:3)
  7 leopard geckos
  8 orcs
  6 bats
  2 giant cockroaches (D:1)
  8 goblins
  5 hobgoblins
  3 jackals (D:3)
  A quokka (D:2)
  5 frilled lizards
  2 kobolds (D:1)
  A leopard gecko skeleton (D:4)
  7 rats
79 creatures vanquished.

Vanquished Creatures (collateral kills)
  A quokka (D:6)
1 creature vanquished.

Grand Total: 80 creatures vanquished

Notes
Turn   | Place    | Note
-------+----------+-------------------------------------------
     0 | D:1      | Chiseanne the Demonspawn Wizard began the quest for the
                  | Orb.
     0 | D:1      | Reached XP level 1. HP: 13/13 MP: 4/4
   540 | D:1      | Gained mutation: Your flesh is cold resistant. (rC+)
                  | [demonic ancestry]
   540 | D:1      | Reached XP level 2. HP: 19/19 MP: 1/6
  1186 | D:1      | You fall into a shaft and drop 1 floor!
  1230 | D:2      | Learned a level 2 spell: Blink
  2234 | D:2      | Reached XP level 3. HP: 24/24 MP: 1/8
  2774 | D:3      | Learned a level 3 spell: Conjure Flame
  2778 | D:3      | Learned a level 3 spell: Mephitic Cloud
  2868 | D:3      | Found a radiant altar of Vehumet.
  3045 | D:3      | Gained mutation: You have sharp fingernails. [demonic
                  | ancestry]
  3045 | D:3      | Reached XP level 4. HP: 30/30 MP: 5/10
  3757 | D:3      | Reached XP level 5. HP: 35/35 MP: 5/11
  4133 | D:4      | Noticed a two-headed ogre
  4438 | D:4      | Noticed a phantom
  4505 | D:4      | Killed a phantom
  4505 | D:4      | Gained mutation: You are immune to freezing clouds.
                  | [demonic ancestry]
  4505 | D:4      | Reached XP level 6. HP: 20/41 MP: 1/13
  4672 | D:4      | Reached skill level 5 in Spellcasting
  5037 | D:3      | Reached skill level 1 in Air Magic
  5261 | D:4      | You fall into a shaft and drop 2 floors!
  5301 | D:6      | Noticed Edmund
  5627 | D:6      | Gained mutation: You have very sharp fingernails. [demonic
                  | ancestry]
  5627 | D:6      | Reached XP level 7. HP: 32/46 MP: 8/15
  5650 | D:7      | Reached skill level 5 in Conjurations
  5656 | D:7      | Noticed a hungry ghost
  5660 | D:7      | Found Eseag's Gadget Emporium.
  5682 | D:7      | Noticed a hippogriff
  5685 | D:7      | Noticed a wraith
  5713 | D:7      | HP: 2/46 [hungry ghost (1)]
  5713 | D:7      | Slain by a wraith

Levels and vault maps discovered:
D:1:      minmay_arrival_four_houses, layout_loops_corners,
          minmay_misc_feat_more_columns
D:2:      layout_loops_ring, first_ration, minmay_quantized
D:3:      layout_basic, nicolae_overflow_hidden_temple, eino_tiny_chamber,
          minmay_three_crescents
D:4:      layout_cave_pools
D:6:      layout_basic, st_stairs_2, kennysheep_generic_room_13, uniq_edmund
D:7:      layout_cave_pools, temple_fountains, nicolae_ossuary_entry_giza,
          serial_shops, shop, uniq_harold

Skill      XL: |  1  2  3  4  5  6  7 |
---------------+----------------------+-----
Conjurations   | 2 3 4 5 |  5.0
Spellcasting   | 4 5 |  5.5
Air Magic      | 1 |  1.7
Dodging        | |  1.7
Stealth        | |  1.7
Summonings     | |  1.0
Translocations | |  0.8

Action                   |  1- 3 |  4- 6 |  7- 9 || total
-------------------------+-------+-------+-------++-------
Melee: Club              |     7 |       |       ||     7
       Spear             |     4 |       |       ||     4
       Dagger            |    18 |   122 |    13 ||   153
Throw: Dart              |       |     8 |       ||     8
       Stone             |       |     4 |       ||     4
       Boomerang         |       |    26 |       ||    26
 Cast: Magic Dart        |    74 |   133 |     1 ||   208
       Mephitic Cloud    |     2 |     6 |     1 ||     9
       Blink             |       |     8 |     2 ||    10
       Conjure Flame     |       |     1 |       ||     1
Evoke: Wand              |       |     2 |       ||     2
  Use: Scroll            |     5 |     3 |     2 ||    10
       Potion            |       |     1 |     4 ||     5
 Stab: Confused          |     1 |     3 |     1 ||     5
  Eat: Chunk             |     6 |     7 |       ||    13
       Ration            |       |       |     1 ||     1
Armor: Robe              |     7 |    38 |    12 ||    57
Dodge: Dodged            |    20 |    99 |    14 ||   133

Table legend:
 A = Non-vault XP
 B = Vault XP
 C = Vault XP percentage of total XP
 D = Non-vault monster count
 E = Vault monster count
 F = Vault count percentage of total count
                 A         B        C        D         E       F
            +---------+---------+-------+---------+---------+-------
      Total |     690 |      84 |  10.9 |      69 |      11 |  13.8
            +---------+---------+-------+---------+---------+-------
        D:1 |      28 |       0 |   0.0 |      16 |       0 |   0.0
        D:2 |      31 |       7 |  18.4 |      12 |       4 |  25.0
        D:3 |     216 |      27 |  11.1 |      21 |       6 |  22.2
        D:4 |     305 |       0 |   0.0 |      12 |       0 |   0.0
        D:6 |      71 |      50 |  41.3 |       7 |       1 |  12.5
        D:7 |      39 |       0 |   0.0 |       1 |       0 |   0.0
            +---------+---------+-------+---------+---------+-------
